 Dungeon Crawl Stone Soup version 0.30-a0-54-g2e61a25929 (webtiles) character file.

Game seed: 10126457397025915601

224 IdlyInterested the Conjurer (level 5, -20/41 HPs)
             Began as a Demonspawn Wanderer on Sept 7, 2022.
             Demolished by a gnoll
             ... wielding a +0 halberd
              (22 damage)
             ... on level 3 of the Dungeon.
             The game lasted 00:13:36 (3757 turns).

IdlyInterested the Conjurer (Demonspawn Wanderer)   Turns: 3757, Time: 00:13:37

Health: -20/41     AC:  4    Str: 15    XL:     5   Next: 67%
Magic:  4/6        EV: 12    Int: 20    God:
Gold:   178        SH:  0    Dex: 11    Spells: 5/6 levels left

rFire   . . .      SeeInvis +    e - +0 short sword
rCold   . . .      Faith    .    i - orb {mayhem}
rNeg    . . .      Spirit   .    o - +0 robe
rPois   .          Reflect  .    (no helmet)
rElec   .          Harm     .    n - +1 cloak
rCorr   .          Rampage  .    (no gloves)
Will    .....                    (no boots)
Stlth   +.........               (no amulet)
HPRegen 0.13/turn                j - +6 ring of strength
MPRegen 0.10/turn                q - ring of see invisible

@: no status effects
A: hooves 1
a: no special abilities


You were on level 3 of the Dungeon.
You visited 1 branch of the dungeon, and saw 3 of its levels.

You collected 178 gold pieces.

Inventory:

Hand Weapons
 a - a +0 dagger
 e - a +0 short sword (weapon)
Missiles
 b - 18 poisoned darts
Armour
 g - a +0 leather armour
 i - an orb of mayhem (worn)
 k - a +0 ring mail
 n - a +1 cloak (worn)
 o - a +0 robe (worn)
 p - a +0 buckler
Jewellery
 j - a +6 ring of strength (left hand)
 q - a ring of see invisible (right hand)
Scrolls
 r - a scroll of teleportation
 t - a scroll of fear
Potions
 c - 2 potions of attraction
 d - a potion of might
 f - a potion of cancellation
 l - a potion of invisibility {unknown}
 m - 2 potions of heal wounds {unknown}
 s - 2 potions of magic {unknown}


   Skills:
 * Level 3.3 Fighting
 - Level 2.6 Throwing
 * Level 3.3 Dodging
 - Level 1.0 Spellcasting
 + Level 3.9 Conjurations
 - Level 2.0 Hexes


You had 5 spell levels left.
You knew the following spells:

 Your Spells              Type           Power      Damage    Failure   Level
a - Magic Dart            Conj           64%        1d6       3%          1

Your spell library contained the following spells:

 Spells                   Type           Power      Damage    Failure   Level
 Slow                     Hex            36%        N/A       8%          1
 Stone Arrow              Conj/Erth      16%        3d8       24%         3
 Portal Projectile        Hex/Tloc       10%        N/A       34%         3
 Fulminant Prism          Conj/Hex       6%         3d7       45%         4


Dungeon Overview and Level Annotations

Branches:
Dungeon (3/15)

Altars:

Shops:
D:2 :


Innate Abilities, Weirdness & Mutations

You have large cloven feet.


Message History

The javelin barely misses the gnoll.
The gnoll misses you.
Throw: 2 javelins
Press: ? - help, Shift-Dir - straight line, f/p - gnoll
Aim: a gnoll, wielding a +0 halberd (lightly wounded, poisoned, 61% to hit)
You throw a javelin. The javelin barely misses the gnoll.
The javelin pierces through the gnoll.
The gnoll is heavily wounded.
The javelin pierces through the gnoll.
The gnoll is heavily wounded.
The gnoll closely misses you.
The gnoll hits you from afar with a +0 halberd.
* * * LOW HITPOINT WARNING * * *
Throw: javelin
Press: ? - help, Shift-Dir - straight line, f/p - gnoll
Aim: a gnoll, wielding a +0 halberd (lightly wounded, poisoned, 61% to hit)
You throw a javelin. The javelin pierces through the gnoll!
The gnoll is severely wounded.
The javelin pierces through the gnoll.
The gnoll is severely wounded.
The javelin pierces through the gnoll!
You kill the gnoll!
The gnoll hits you from afar with a +0 halberd!
* * * LOW HITPOINT WARNING * * *
Aiming: Magic Dart (safe; 3% risk of failure)
Press: ? - help, Q - select action, (/) - cycle Shift-Dir - straight line, f/p - gnoll
Aim: a gnoll, wielding a +0 halberd (severely wounded, poisoned, 100% to hit)
The magic dart hits the gnoll.
You kill the gnoll!
The gnoll flies into a frenzy!
The gnoll shouts!
The gnoll closely misses you.
Aiming: Magic Dart (safe; 3% risk of failure)
Press: ? - help, Q - select action, (/) - cycle Shift-Dir - straight line, f - gnoll
Aim: a gnoll, wielding a +0 halberd (severely wounded, fast, strong, frenzied and insane, 100% to hit)
The magic dart hits the gnoll but does no damage.
The gnoll is severely wounded.
The gnoll hits you from afar with a +0 halberd!!
Ouch! That really hurt!
You die...

.. .> # ## #. .# ## #. .... ....
.. .#. .#. # #. .. .. .# ###
#.#.#g#g##.. ..# #..........# #.#
#.##########.#
#).g.@....##.#########
#########.............
###########... #... ### #...
###############.###... #.#.#
###................##...
....######.....###########.###...
.....##.......<#### #.# ####


You could see a neutral gnoll (fast, strong, insane).

Vanquished Creatures
  A hound (D:3)
  An orc priest (D:3)
  2 orc wizards (D:3)
  2 gnolls (D:3)
  3 adders
  A worm (D:2)
  2 dart slugs (D:3)
  An orc (D:3)
  7 ball pythons
  7 endoplasms
  2 giant cockroaches (D:1)
  3 hobgoblins
  4 jackals (D:1)
  A quokka (D:1)
  5 bats
  3 frilled lizards
  8 goblins
  4 kobolds (D:1)
  6 rats
63 creatures vanquished.

Vanquished Creatures (collateral kills)
  An endoplasm (D:2)
  A goblin (D:2)
  A kobold (D:3)
3 creatures vanquished.

Vanquished Creatures (others)
  2 plants (D:1)
2 creatures vanquished.

Grand Total: 68 creatures vanquished

Notes
Turn   | Place    | Note
-------+----------+-------------------------------------------
     0 | D:1      | IdlyInterested the Demonspawn Wanderer began the quest for
                  | the Orb.
     0 | D:1      | IdlyInterested set off with the following items: a +0
                  | dagger, 11 poisoned darts, a potion of attraction, a +0
                  | robe; and the following spells available to memorise: Magic
                  | Dart, Slow, Stone Arrow, Portal Projectile, Fulminant
                  | Prism.
     0 | D:1      | Reached XP level 1. HP: 13/13 MP: 2/2
     2 | D:1      | Learned a level 1 spell: Magic Dart
   410 | D:1      | Gained mutation: You have large cloven feet. [demonic
                  | ancestry]
   410 | D:1      | Reached XP level 2. HP: 20/20 MP: 3/3
   424 | D:1      | Reached skill level 1 in Fighting
   955 | D:1      | Reached XP level 3. HP: 26/26 MP: 4/4
  1067 | D:1      | Found a faded altar of an unknown god.
  1466 | D:2      | Found Vaigoh's Book Shoppe.
  2172 | D:2      | Reached XP level 4. HP: 8/33 MP: 1/5
  3323 | D:3      | Reached XP level 5. HP: 13/41 MP: 3/6
  3755 | D:3      | HP: 1/41 [gnoll/+0 halberd (11)]
  3757 | D:3      | Demolished by a gnoll

Illustrated notes

Levels and vault maps discovered:
D:1:      reono_arrival_mine, layout_basic,
          dreamdust_ecumenical_altar_sealed_demon, serial_bayou_lake_a
D:2:      layout_basic, serial_corexii_hall, corexii_hall_statues_t,
          corexii_hall_statues_l, serial_shops, shop,
          minmay_randomly_rotated_circles
D:3:      layout_loops_ring, st_stairs_9, grunt_ministairs_14, uniq_ijyb

Skill      XL: |  1  2  3  4  5 |
---------------+----------------+-----
Fighting       | 1 2 3 |  3.3
Dodging        | 2 3 |  3.3
Throwing       | |  2.6
Spellcasting   | |  1.0
Conjurations   | |  3.9
Hexes          | |  2.0

Action                   |  1- 3 |  4- 6 || total
-------------------------+-------+-------++-------
Melee: Dagger            |    18 |       ||    18
       Short sword       |    63 |    47 ||   110
       Kick              |    14 |    12 ||    26
Throw: Dart              |     1 |     4 ||     5
       Javelin           |       |     3 ||     3
 Cast: Magic Dart        |    43 |    17 ||    60
  Use: Scroll            |     4 |     1 ||     5
       Potion            |     2 |     3 ||     5
 Stab: Sleeping          |     1 |     1 ||     2
Armor: Robe              |    18 |    13 ||    31
Dodge: Dodged            |    44 |    32 ||    76

Table legend: (Time is in decaauts)
 A = Elapsed time spent in this place.
 B = Non-inter-level travel time spent in this place.
 C = Inter-level travel time spent in this place.
 D = Time resting spent in this place.
 E = Time spent auto-exploring this place.
 F = Levels seen in this place.
 G = Mean time per level.
                   A        B        C        D        E       F      G
               +--------+--------+--------+--------+--------+-----+--------+
         Total |   3810 |   3402 |    408 |   1241 |   1498 |   3 | 1270.0 |
       Dungeon |   3810 |   3402 |    408 |   1241 |   1498 |   3 | 1270.0 |
               +--------+--------+--------+--------+--------+-----+--------+

Top non-repeatable levels by time:
     D:1: 1529 daAuts
     D:2: 1500 daAuts
     D:3: 780 daAuts
